[ PARTIDA AOE2 · #490775713 ]
UnrankedMagiares vs Magyars
[ ANÁLISIS DE REPETICIÓN · EXTRAÍDO DE LA PARTIDA GRABADA ]
Feudal
8:31
Castillos
22:02
Imperial
—
| APM promedio | 79.9 |
| APM pico | 120 |
| eAPM promedio | 28.1 |
| Aldeanos / militares | 57 / 25 |
Foco
⚔️ 57.0% · 🌾 43.0%
Knight ×13 · Scout Cavalry ×10 · Spearman ×2
Feudal
8:54
Castillos
24:27
Imperial
—
| APM promedio | 66.2 |
| APM pico | 140 |
| eAPM promedio | 20.0 |
| Aldeanos / militares | 66 / 23 |
Foco
⚔️ 18.1% · 🌾 81.9%
Scout Cavalry ×16 · Knight ×6 · Spearman ×1
Feudal
8:36
Castillos
—
Imperial
—
| APM promedio | 79.6 |
| APM pico | 128 |
| eAPM promedio | 34.9 |
| Aldeanos / militares | 53 / 52 |
Foco
⚔️ 73.1% · 🌾 26.9%
Archer ×51 · Spearman ×1
Feudal
9:03
Castillos
—
Imperial
—
| APM promedio | 45.4 |
| APM pico | 77 |
| eAPM promedio | 18.8 |
| Aldeanos / militares | 42 / 44 |
Foco
⚔️ 30.5% · 🌾 69.5%
Archer ×44
Mapa de la partida
Recursos iniciales + cada clic de construcción. Líneas = muros · curvas = relieve. ◆ oro · ⬟ piedra · ● bayas · ✦ reliquia · ◌ hueco del cierre
Tu base· Abierta — hueco de 11t
Base de Gà Con Biết Gáy· Abierta — hueco de 1t
Base de Ra· ✓ Cerrada en 24:10 · 46t muro · 1 puerta(s)
Base de QB_Tù Trưởng· Abierta — hueco de 1t
Terreno inicial suavizado · ◌ = hueco del cierre detectado · pasá el cursor para detalles
Inputs por minuto
— Fabrizio 094455 - - Gà Con Biết Gáy
Build order — Fabrizio 094455
Primeras 150 de 169 acciones detectadas
| 0:01 | Crear | Villager (Male) |
| 0:01 | Crear | Villager (Male) |
| 0:02 | Construir | House |
| 0:04 | Construir | House |
| 0:06 | Crear | Villager (Male) |
| 0:09 | Crear | Villager (Male) |
| 1:28 | Crear | Villager (Male) |
| 1:28 | Crear | Villager (Male) |
| 1:55 | Construir | Lumber Camp |
| 2:08 | Crear | Villager (Male) |
| 2:09 | Crear | Villager (Male) |
| 2:15 | Crear | Villager (Male) |
| 2:15 | Crear | Villager (Male) |
| 2:51 | Crear | Villager (Male) |
| 2:51 | Crear | Villager (Male) |
| 2:58 | Crear | Villager (Male) |
| 2:58 | Crear | Villager (Male) |
| 3:28 | Crear | Villager (Male) |
| 3:28 | Crear | Villager (Male) |
| 3:53 | Construir | House |
| 3:59 | Crear | Villager (Male) |
| 3:59 | Crear | Villager (Male) |
| 4:37 | Crear | Villager (Male) |
| 4:37 | Crear | Villager (Male) |
| 4:41 | Construir | Mill |
| 4:44 | Crear | Villager (Male) |
| 4:44 | Crear | Villager (Male) |
| 5:11 | Crear | Villager (Male) |
| 5:11 | Crear | Villager (Male) |
| 5:32 | Investigar | Loom |
| 6:21 | Investigar | Feudal Age |
| 6:22 | Investigar | Feudal Age |
| 6:58 | Construir | House |
| 7:44 | Construir | Barracks |
| 8:00 | Crear | Villager (Male) |
| 8:31 | Edad | Edad Feudal |
| 8:41 | Construir | Stable |
| 8:44 | Investigar | Double-Bit Axe |
| 8:44 | Investigar | Double-Bit Axe |
| 8:49 | Crear | Villager (Male) |
| 8:59 | Crear | Spearman |
| 9:16 | Construir | Mill |
| 9:19 | Crear | Villager (Male) |
| 9:30 | Construir | House |
| 9:32 | Crear | Scout Cavalry |
| 9:39 | Crear | Scout Cavalry |
| 9:39 | Crear | Villager (Male) |
| 10:04 | Construir | House |
| 10:06 | Construir | Palisade Wall |
| 10:17 | Crear | Villager (Male) |
| 10:22 | Construir | Farm |
| 10:44 | Crear | Villager (Male) |
| 10:46 | Crear | Villager (Male) |
| 10:50 | Construir | Mill |
| 11:01 | Crear | Scout Cavalry |
| 11:03 | Crear | Villager (Male) |
| 11:08 | Construir | Farm |
| 11:33 | Crear | Villager (Male) |
| 11:40 | Construir | House |
| 11:41 | Construir | Palisade Wall |
| 11:50 | Construir | Farm |
| 11:53 | Construir | Farm |
| 11:55 | Construir | Farm |
| 11:58 | Crear | Spearman |
| 12:07 | Crear | Villager (Male) |
| 12:19 | Construir | Farm |
| 12:34 | Crear | Scout Cavalry |
| 12:35 | Crear | Villager (Male) |
| 12:43 | Construir | Farm |
| 12:45 | Construir | Farm |
| 12:48 | Crear | Scout Cavalry |
| 13:00 | Crear | Villager (Male) |
| 13:00 | Crear | Villager (Male) |
| 13:16 | Construir | Farm |
| 13:23 | Crear | Scout Cavalry |
| 13:28 | Crear | Villager (Male) |
| 13:28 | Crear | Villager (Male) |
| 13:29 | Construir | Farm |
| 13:30 | Crear | Villager (Male) |
| 13:52 | Construir | House |
| 14:19 | Crear | Villager (Male) |
| 14:23 | Crear | Villager (Male) |
| 14:28 | Construir | House |
| 14:34 | Crear | Villager (Male) |
| 14:36 | Construir | Farm |
| 14:40 | Construir | Blacksmith |
| 14:49 | Crear | Scout Cavalry |
| 14:52 | Construir | Farm |
| 15:06 | Construir | House |
| 15:08 | Crear | Scout Cavalry |
| 15:15 | Construir | Farm |
| 15:16 | Crear | Villager (Male) |
| 15:24 | Crear | Scout Cavalry |
| 15:38 | Crear | Villager (Male) |
| 15:43 | Construir | House |
| 15:46 | Construir | Palisade Wall |
| 15:46 | Construir | Palisade Wall |
| 15:49 | Crear | Scout Cavalry |
| 15:51 | Construir | House |
| 15:58 | Construir | Farm |
| 16:01 | Crear | Villager (Male) |
| 16:15 | Construir | Farm |
| 16:23 | Construir | House |
| 16:25 | Construir | Palisade Wall |
| 16:27 | Construir | Palisade Wall |
| 16:49 | Crear | Villager (Male) |
| 17:15 | Crear | Villager (Male) |
| 17:29 | Construir | Mining Camp |
| 17:48 | Crear | Villager (Male) |
| 18:15 | Crear | Villager (Male) |
| 18:40 | Construir | Market |
| 18:42 | Crear | Villager (Male) |
| 18:46 | Investigar | Bloodlines |
| 18:46 | Investigar | Bloodlines |
| 18:51 | Investigar | Scale Barding Armor |
| 18:55 | Investigar | Horse Collar |
| 19:22 | Investigar | Castle Age |
| 19:23 | Investigar | Castle Age |
| 19:23 | Investigar | Castle Age |
| 19:38 | Construir | Stable |
| 19:52 | Construir | House |
| 19:53 | Construir | House |
| 19:55 | Construir | House |
| 19:59 | Investigar | Bloodlines |
| 19:59 | Investigar | Bloodlines |
| 20:38 | Construir | Lumber Camp |
| 20:58 | Construir | House |
| 21:14 | Construir | Farm |
| 21:14 | Construir | Farm |
| 21:26 | Investigar | Town Watch |
| 21:26 | Investigar | Town Watch |
| 21:28 | Construir | House |
| 21:48 | Construir | House |
| 22:02 | Edad | Edad de los Castillos |
| 22:03 | Crear | Knight |
| 22:04 | Crear | Knight |
| 22:05 | Crear | Knight |
| 22:09 | Investigar | Husbandry |
| 22:09 | Investigar | Husbandry |
| 22:11 | Investigar | Chain Barding Armor |
| 22:11 | Investigar | Chain Barding Armor |
| 22:12 | Investigar | Light Cavalry (upgrade) |
| 22:12 | Investigar | Light Cavalry (upgrade) |
| 22:13 | Crear | Villager (Male) |
| 22:15 | Investigar | Bow Saw |
| 22:16 | Investigar | Bow Saw |
| 22:20 | Construir | House |
| 22:21 | Crear | Villager (Male) |
| 22:22 | Construir | Farm |
| 22:25 | Construir | Farm |
Build order — Gà Con Biết Gáy
Primeras 150 de 155 acciones detectadas
| 0:01 | Crear | Villager (Male) |
| 0:01 | Crear | Villager (Male) |
| 0:02 | Crear | Villager (Male) |
| 0:02 | Crear | Villager (Male) |
| 0:02 | Crear | Villager (Male) |
| 0:02 | Crear | Villager (Male) |
| 0:03 | Construir | House |
| 0:05 | Construir | House |
| 1:23 | Crear | Villager (Male) |
| 1:23 | Crear | Villager (Male) |
| 2:01 | Crear | Villager (Male) |
| 2:02 | Crear | Villager (Male) |
| 2:13 | Crear | Villager (Male) |
| 2:13 | Crear | Villager (Male) |
| 2:14 | Crear | Villager (Male) |
| 2:38 | Construir | Mill |
| 2:47 | Crear | Villager (Male) |
| 2:48 | Investigar | Loom |
| 3:24 | Crear | Villager (Male) |
| 3:24 | Crear | Villager (Male) |
| 3:28 | Construir | House |
| 3:51 | Crear | Villager (Male) |
| 3:51 | Crear | Villager (Male) |
| 3:52 | Crear | Villager (Male) |
| 4:18 | Crear | Villager (Male) |
| 4:18 | Crear | Villager (Male) |
| 4:18 | Crear | Villager (Male) |
| 4:26 | Crear | Villager (Male) |
| 4:26 | Crear | Villager (Male) |
| 4:26 | Crear | Villager (Male) |
| 4:45 | Construir | Lumber Camp |
| 5:30 | Crear | Villager (Male) |
| 5:30 | Crear | Villager (Male) |
| 5:30 | Crear | Villager (Male) |
| 5:30 | Crear | Villager (Male) |
| 5:56 | Crear | Villager (Male) |
| 6:09 | Crear | Villager (Male) |
| 6:09 | Crear | Villager (Male) |
| 6:09 | Crear | Villager (Male) |
| 6:09 | Crear | Villager (Male) |
| 6:10 | Crear | Villager (Male) |
| 6:10 | Crear | Villager (Male) |
| 6:44 | Investigar | Feudal Age |
| 6:45 | Investigar | Feudal Age |
| 6:45 | Investigar | Feudal Age |
| 7:41 | Construir | Barracks |
| 7:51 | Construir | House |
| 8:02 | Crear | Villager (Male) |
| 8:28 | Crear | Villager (Male) |
| 8:54 | Edad | Edad Feudal |
| 8:57 | Construir | Stable |
| 8:58 | Crear | Villager (Male) |
| 9:00 | Investigar | Double-Bit Axe |
| 9:01 | Investigar | Double-Bit Axe |
| 9:01 | Investigar | Double-Bit Axe |
| 9:10 | Construir | Palisade Wall |
| 9:30 | Construir | Farm |
| 9:41 | Construir | House |
| 9:49 | Construir | House |
| 9:51 | Construir | Farm |
| 9:53 | Crear | Villager (Male) |
| 10:03 | Crear | Scout Cavalry |
| 10:04 | Crear | Scout Cavalry |
| 10:04 | Crear | Scout Cavalry |
| 10:11 | Construir | Palisade Gate |
| 10:45 | Crear | Scout Cavalry |
| 10:47 | Crear | Spearman |
| 10:51 | Construir | House |
| 10:58 | Construir | Farm |
| 11:47 | Construir | Mill |
| 12:01 | Crear | Scout Cavalry |
| 12:02 | Crear | Scout Cavalry |
| 12:09 | Construir | Palisade Gate |
| 12:18 | Construir | Farm |
| 12:21 | Construir | Farm |
| 12:40 | Crear | Villager (Male) |
| 12:45 | Construir | House |
| 12:53 | Construir | Palisade Gate |
| 12:59 | Construir | Palisade Wall |
| 13:03 | Construir | Palisade Wall |
| 13:18 | Construir | Farm |
| 13:22 | Crear | Scout Cavalry |
| 13:25 | Construir | Farm |
| 13:38 | Crear | Villager (Male) |
| 13:38 | Crear | Villager (Male) |
| 14:30 | Crear | Villager (Male) |
| 14:37 | Construir | Farm |
| 14:38 | Crear | Villager (Male) |
| 14:38 | Crear | Villager (Male) |
| 14:38 | Crear | Villager (Male) |
| 14:49 | Construir | Lumber Camp |
| 15:02 | Crear | Villager (Male) |
| 15:15 | Construir | Farm |
| 15:35 | Crear | Villager (Male) |
| 15:47 | Crear | Villager (Male) |
| 16:09 | Crear | Villager (Male) |
| 16:10 | Construir | Farm |
| 16:31 | Crear | Villager (Male) |
| 16:36 | Construir | Farm |
| 16:42 | Construir | Farm |
| 16:49 | Crear | Scout Cavalry |
| 16:49 | Crear | Scout Cavalry |
| 16:56 | Crear | Villager (Male) |
| 16:56 | Crear | Villager (Male) |
| 17:01 | Construir | Mining Camp |
| 17:07 | Construir | Farm |
| 17:12 | Crear | Scout Cavalry |
| 17:13 | Crear | Scout Cavalry |
| 17:13 | Crear | Scout Cavalry |
| 17:27 | Crear | Villager (Male) |
| 17:43 | Construir | House |
| 17:45 | Crear | Villager (Male) |
| 17:50 | Construir | Farm |
| 18:02 | Crear | Scout Cavalry |
| 18:04 | Crear | Villager (Male) |
| 18:05 | Construir | Farm |
| 18:20 | Construir | House |
| 18:21 | Crear | Villager (Male) |
| 18:29 | Construir | Farm |
| 18:33 | Construir | Farm |
| 18:51 | Construir | Farm |
| 18:52 | Crear | Villager (Male) |
| 18:58 | Investigar | Horse Collar |
| 18:58 | Investigar | Horse Collar |
| 18:58 | Investigar | Horse Collar |
| 19:03 | Crear | Scout Cavalry |
| 19:16 | Crear | Scout Cavalry |
| 19:44 | Crear | Villager (Male) |
| 19:46 | Crear | Villager (Male) |
| 19:56 | Construir | Stable |
| 20:17 | Crear | Villager (Male) |
| 20:57 | Crear | Villager (Male) |
| 21:02 | Construir | Blacksmith |
| 21:15 | Crear | Scout Cavalry |
| 21:47 | Investigar | Castle Age |
| 21:47 | Investigar | Castle Age |
| 22:17 | Investigar | Scale Barding Armor |
| 22:18 | Investigar | Scale Barding Armor |
| 22:18 | Investigar | Scale Barding Armor |
| 22:34 | Investigar | Gold Mining |
| 22:34 | Investigar | Gold Mining |
| 23:51 | Construir | Stable |
| 24:27 | Edad | Edad de los Castillos |
| 24:32 | Investigar | Bloodlines |
| 24:32 | Investigar | Bloodlines |
| 24:32 | Crear | Knight |
| 24:32 | Investigar | Bloodlines |
| 24:32 | Crear | Knight |
| 24:32 | Crear | Knight |
| 24:33 | Crear | Knight |
Build order — Ra
Primeras 150 de 161 acciones detectadas
| 0:00 | Crear | Villager (Male) |
| 0:00 | Crear | Villager (Male) |
| 0:01 | Construir | House |
| 0:02 | Construir | House |
| 0:06 | Crear | Villager (Male) |
| 0:08 | Crear | Villager (Male) |
| 1:26 | Crear | Villager (Male) |
| 1:46 | Construir | Lumber Camp |
| 2:01 | Crear | Villager (Male) |
| 2:01 | Crear | Villager (Male) |
| 2:13 | Crear | Villager (Male) |
| 2:45 | Crear | Villager (Male) |
| 2:45 | Crear | Villager (Male) |
| 3:03 | Crear | Villager (Male) |
| 3:41 | Crear | Villager (Male) |
| 3:41 | Crear | Villager (Male) |
| 3:42 | Crear | Villager (Male) |
| 3:51 | Construir | House |
| 4:30 | Construir | Mining Camp |
| 4:32 | Crear | Villager (Male) |
| 4:32 | Crear | Villager (Male) |
| 4:32 | Crear | Villager (Male) |
| 5:28 | Investigar | Loom |
| 5:28 | Investigar | Loom |
| 6:26 | Investigar | Feudal Age |
| 7:23 | Construir | Barracks |
| 8:09 | Construir | House |
| 8:14 | Crear | Villager (Male) |
| 8:27 | Construir | Palisade Wall |
| 8:36 | Edad | Edad Feudal |
| 8:49 | Construir | Archery Range |
| 8:56 | Crear | Villager (Male) |
| 9:03 | Construir | Archery Range |
| 9:14 | Crear | Villager (Male) |
| 9:21 | Crear | Spearman |
| 9:50 | Crear | Archer |
| 9:50 | Crear | Archer |
| 9:52 | Crear | Villager (Male) |
| 9:57 | Construir | House |
| 10:01 | Construir | Palisade Wall |
| 10:03 | Construir | Palisade Wall |
| 10:13 | Crear | Villager (Male) |
| 10:20 | Construir | House |
| 10:22 | Construir | House |
| 10:29 | Crear | Archer |
| 10:29 | Crear | Archer |
| 10:29 | Crear | Archer |
| 10:36 | Construir | Blacksmith |
| 10:44 | Construir | House |
| 10:54 | Crear | Archer |
| 11:20 | Construir | Mill |
| 11:39 | Construir | Palisade Wall |
| 11:42 | Crear | Archer |
| 11:42 | Crear | Archer |
| 11:47 | Construir | House |
| 12:12 | Construir | Palisade Wall |
| 12:19 | Crear | Archer |
| 12:19 | Crear | Archer |
| 12:19 | Crear | Archer |
| 12:28 | Crear | Villager (Male) |
| 12:31 | Construir | Palisade Gate |
| 13:11 | Construir | Mill |
| 13:15 | Crear | Villager (Male) |
| 13:16 | Crear | Villager (Male) |
| 13:18 | Construir | House |
| 13:34 | Crear | Archer |
| 13:35 | Crear | Archer |
| 13:38 | Construir | Palisade Wall |
| 14:04 | Crear | Villager (Male) |
| 14:05 | Crear | Archer |
| 14:18 | Crear | Archer |
| 14:33 | Crear | Villager (Male) |
| 14:34 | Crear | Archer |
| 14:42 | Construir | House |
| 14:47 | Crear | Villager (Male) |
| 14:52 | Construir | Palisade Wall |
| 14:59 | Crear | Archer |
| 14:59 | Crear | Archer |
| 15:14 | Investigar | Fletching |
| 15:25 | Crear | Villager (Male) |
| 15:27 | Crear | Archer |
| 15:27 | Crear | Archer |
| 15:40 | Construir | House |
| 15:41 | Construir | House |
| 15:42 | Crear | Villager (Male) |
| 15:45 | Construir | Farm |
| 15:53 | Construir | House |
| 15:59 | Construir | Palisade Wall |
| 16:05 | Crear | Villager (Male) |
| 16:05 | Crear | Archer |
| 16:06 | Construir | Farm |
| 16:18 | Crear | Archer |
| 16:18 | Crear | Archer |
| 17:17 | Crear | Archer |
| 17:17 | Crear | Archer |
| 17:18 | Crear | Villager (Male) |
| 17:18 | Crear | Villager (Male) |
| 17:21 | Construir | Farm |
| 17:22 | Construir | Farm |
| 17:45 | Crear | Archer |
| 17:45 | Crear | Archer |
| 17:57 | Crear | Archer |
| 17:58 | Construir | Farm |
| 17:59 | Crear | Villager (Male) |
| 18:02 | Construir | Palisade Wall |
| 18:19 | Crear | Archer |
| 18:23 | Crear | Villager (Male) |
| 18:37 | Crear | Archer |
| 18:37 | Crear | Archer |
| 18:38 | Crear | Villager (Male) |
| 18:44 | Crear | Archer |
| 18:55 | Crear | Archer |
| 19:12 | Construir | Lumber Camp |
| 19:21 | Crear | Archer |
| 19:21 | Crear | Archer |
| 19:22 | Crear | Villager (Male) |
| 19:35 | Construir | Palisade Wall |
| 19:36 | Crear | Villager (Male) |
| 19:40 | Crear | Archer |
| 19:59 | Construir | House |
| 20:00 | Crear | Villager (Male) |
| 20:01 | Construir | Farm |
| 20:29 | Crear | Archer |
| 20:35 | Crear | Archer |
| 20:35 | Crear | Archer |
| 20:36 | Crear | Villager (Male) |
| 21:01 | Crear | Villager (Male) |
| 21:03 | Construir | Farm |
| 21:05 | Construir | Farm |
| 21:12 | Crear | Villager (Male) |
| 21:20 | Construir | Palisade Wall |
| 21:21 | Construir | Palisade Wall |
| 21:23 | Crear | Villager (Male) |
| 21:24 | Crear | Archer |
| 21:24 | Crear | Archer |
| 21:37 | Construir | Archery Range |
| 21:42 | Crear | Archer |
| 22:11 | Crear | Villager (Male) |
| 22:13 | Construir | Lumber Camp |
| 22:25 | Crear | Villager (Male) |
| 22:26 | Crear | Archer |
| 22:26 | Crear | Archer |
| 22:30 | Construir | House |
| 22:57 | Crear | Villager (Male) |
| 23:19 | Crear | Archer |
| 23:19 | Crear | Archer |
| 23:20 | Crear | Archer |
| 23:24 | Crear | Archer |
| 23:25 | Crear | Archer |
| 23:50 | Construir | Archery Range |
Build order — QB_Tù Trưởng
132 acciones detectadas en el replay
| 0:00 | Crear | Villager (Male) |
| 0:01 | Crear | Villager (Male) |
| 0:02 | Construir | House |
| 0:04 | Construir | House |
| 0:11 | Crear | Villager (Male) |
| 0:34 | Crear | Villager (Male) |
| 1:26 | Crear | Villager (Male) |
| 1:28 | Construir | Lumber Camp |
| 1:47 | Construir | House |
| 1:53 | Crear | Villager (Male) |
| 2:13 | Crear | Villager (Male) |
| 2:33 | Crear | Villager (Male) |
| 3:01 | Crear | Villager (Male) |
| 3:28 | Crear | Villager (Male) |
| 4:01 | Crear | Villager (Male) |
| 4:08 | Crear | Villager (Male) |
| 4:31 | Crear | Villager (Male) |
| 4:45 | Construir | Mill |
| 4:50 | Crear | Villager (Male) |
| 4:52 | Investigar | Loom |
| 5:42 | Crear | Villager (Male) |
| 5:43 | Investigar | Loom |
| 6:53 | Investigar | Feudal Age |
| 7:25 | Construir | House |
| 7:46 | Construir | Barracks |
| 7:56 | Crear | Villager (Male) |
| 8:04 | Construir | Mining Camp |
| 9:03 | Edad | Edad Feudal |
| 9:05 | Crear | Villager (Male) |
| 9:07 | Construir | Archery Range |
| 9:09 | Investigar | Double-Bit Axe |
| 9:09 | Investigar | Double-Bit Axe |
| 9:47 | Crear | Villager (Male) |
| 9:51 | Construir | Archery Range |
| 9:56 | Crear | Archer |
| 10:02 | Construir | House |
| 10:09 | Crear | Archer |
| 10:16 | Construir | Watch Tower |
| 10:28 | Crear | Villager (Male) |
| 10:31 | Crear | Archer |
| 10:40 | Crear | Villager (Male) |
| 10:46 | Crear | Villager (Male) |
| 10:57 | Crear | Archer |
| 11:12 | Crear | Archer |
| 11:19 | Construir | House |
| 11:25 | Crear | Villager (Male) |
| 11:34 | Crear | Archer |
| 11:47 | Construir | Blacksmith |
| 11:53 | Construir | House |
| 12:02 | Crear | Villager (Male) |
| 12:08 | Construir | House |
| 12:24 | Investigar | Fletching |
| 12:25 | Investigar | Fletching |
| 12:25 | Crear | Archer |
| 12:37 | Construir | Mill |
| 12:44 | Construir | Farm |
| 12:56 | Construir | House |
| 13:00 | Construir | Palisade Wall |
| 13:10 | Crear | Archer |
| 13:18 | Construir | House |
| 13:21 | Crear | Archer |
| 13:26 | Crear | Archer |
| 13:27 | Crear | Villager (Male) |
| 13:40 | Construir | Palisade Gate |
| 13:44 | Construir | Farm |
| 13:51 | Crear | Villager (Male) |
| 13:52 | Crear | Archer ×2 |
| 14:10 | Crear | Archer |
| 14:17 | Construir | Farm |
| 14:26 | Crear | Villager (Male) |
| 14:27 | Crear | Villager (Male) |
| 14:33 | Crear | Archer |
| 14:43 | Construir | Farm |
| 14:50 | Construir | House |
| 14:52 | Crear | Archer |
| 15:02 | Crear | Villager (Male) |
| 15:02 | Crear | Villager (Male) |
| 15:08 | Crear | Archer |
| 15:20 | Construir | Farm |
| 15:24 | Construir | House |
| 15:28 | Crear | Archer |
| 15:40 | Investigar | Padded Archer Armor |
| 15:41 | Investigar | Padded Archer Armor |
| 15:41 | Investigar | Padded Archer Armor |
| 15:45 | Construir | Farm |
| 15:45 | Crear | Archer |
| 16:02 | Construir | Palisade Wall |
| 16:03 | Crear | Villager (Male) |
| 16:11 | Construir | Lumber Camp |
| 16:23 | Crear | Villager (Male) |
| 16:35 | Crear | Archer ×3 |
| 16:58 | Crear | Villager (Male) |
| 17:01 | Construir | House |
| 17:05 | Crear | Villager (Male) |
| 17:06 | Crear | Archer ×2 |
| 17:19 | Crear | Villager (Male) |
| 17:26 | Construir | Farm |
| 17:28 | Construir | Farm |
| 17:36 | Construir | House |
| 17:49 | Crear | Archer ×2 |
| 18:02 | Crear | Villager (Male) |
| 18:04 | Construir | Farm |
| 18:19 | Crear | Villager (Male) |
| 18:22 | Construir | Farm |
| 18:34 | Crear | Archer ×3 |
| 18:44 | Construir | Farm |
| 18:54 | Crear | Villager (Male) |
| 19:03 | Construir | Farm |
| 19:04 | Construir | Farm |
| 19:19 | Crear | Archer |
| 19:30 | Construir | Farm |
| 19:32 | Crear | Villager (Male) |
| 19:33 | Crear | Villager (Male) |
| 19:50 | Construir | Lumber Camp |
| 20:33 | Crear | Villager (Male) |
| 20:34 | Construir | Mining Camp |
| 20:39 | Construir | Farm |
| 20:41 | Crear | Villager (Male) |
| 21:01 | Crear | Archer ×4 |
| 21:13 | Construir | Gate |
| 21:18 | Crear | Villager (Male) |
| 21:44 | Construir | Market |
| 21:52 | Crear | Archer |
| 22:51 | Investigar | Castle Age |
| 22:51 | Investigar | Castle Age |
| 22:58 | Crear | Archer ×2 |
| 23:13 | Crear | Archer ×2 |
| 23:35 | Crear | Archer ×2 |
| 23:49 | Investigar | Town Watch |
| 23:49 | Investigar | Town Watch |
| 24:01 | Construir | Lumber Camp |
| 24:11 | Crear | Archer ×4 |
Cronología de la partida
| 7:23 | Ra · first_building Barracks |
| 7:41 | Gà Con Biết Gáy · first_building Barracks |
| 7:44 | Fabrizio 094455 · first_building Barracks |
| 7:46 | QB_Tù Trưởng · first_building Barracks |
| 8:27 | Ra · wall_segment Palisade Wall x1 |
| 8:31 | Fabrizio 094455 · age_up feudal |
| 8:36 | Ra · age_up feudal |
| 8:41 | Fabrizio 094455 · first_building Stable |
| 8:49 | Ra · first_building Archery Range |
| 8:54 | Gà Con Biết Gáy · age_up feudal |
| 8:57 | Gà Con Biết Gáy · first_building Stable |
| 9:03 | QB_Tù Trưởng · age_up feudal |
| 9:07 | QB_Tù Trưởng · first_building Archery Range |
| 9:10 | Gà Con Biết Gáy · wall_segment Palisade Wall x9 |
| 10:01 | Ra · wall_segment Palisade Wall x1 |
| 10:03 | Ra · wall_segment Palisade Wall x1 |
| 10:06 | Fabrizio 094455 · wall_segment Palisade Wall x6 |
| 11:39 | Ra · wall_segment Palisade Wall x6 |
| 11:41 | Fabrizio 094455 · wall_segment Palisade Wall x8 |
| 12:12 | Ra · wall_segment Palisade Wall x13 |
| 12:59 | Gà Con Biết Gáy · wall_segment Palisade Wall x7 |
| 13:00 | QB_Tù Trưởng · wall_segment Palisade Wall x14 |
| 13:03 | Gà Con Biết Gáy · wall_segment Palisade Wall x9 |
| 13:38 | Ra · wall_segment Palisade Wall x7 |
| 14:52 | Ra · wall_segment Palisade Wall x7 |
| 15:46 | Fabrizio 094455 · wall_segment Palisade Wall x6 |
| 15:46 | Fabrizio 094455 · wall_segment Palisade Wall x11 |
| 15:59 | Ra · wall_segment Palisade Wall x1 |
| 16:02 | QB_Tù Trưởng · wall_segment Palisade Wall x1 |
| 16:25 | Fabrizio 094455 · wall_segment Palisade Wall x13 |
| 16:27 | Fabrizio 094455 · wall_segment Palisade Wall x6 |
| 18:02 | Ra · wall_segment Palisade Wall x8 |
| 19:35 | Ra · wall_segment Palisade Wall x4 |
| 21:20 | Ra · wall_segment Palisade Wall x2 |
| 21:21 | Ra · wall_segment Palisade Wall x9 |
| 22:02 | Fabrizio 094455 · age_up castle |
| 22:45 | QB_Tù Trưởng · first_market_buy 100 food |
| 23:51 | Ra · wall_segment Palisade Wall x1 |
| 24:27 | Gà Con Biết Gáy · age_up castle |
| 24:47 | Gà Con Biết Gáy · resign |
[ ANÁLISIS IA · 1 CRÉDITO ]
¿Qué pasó realmente en esta partida?
Wolo.gg analiza cada decisión: build order, eco, micro, errores típicos por bracket. Análisis personalizado por WhatsApp o Discord en 30 segundos.
Guía civ
Magiares
Perfil
Fabrizio 094455